SAA
LANCASTER FARMERS @ CHESAPEAKE CONTINENTALS
09/17/2023
 
TOP OF THE 1ST
Lancaster Farmers batting - Pitching for Chesapeake Continentals : LHP Javier Desdin
Pitching: LHP Javier Desdin
Batting: RHB Ricardo Pacheco 0-0: Called Strike
0-1: Ball
1-1: Called Strike
1-2: Foul Ball, location: 2F
1-2: Foul Ball, location: 2F
1-2: Ball
2-2: SINGLE (Line Drive, 34)
Batting: RHB Domenic Gallard 0-0: Ball
1-0: Called Strike
1-1: Called Strike
1-2: Ball
2-2: Fly out, F8 (Flyball, 8RM)
Batting: RHB Sean MacKnight 0-0: Ball
1-0: Ball
Throwing error on steal attempt, E2
Ricardo Pacheco to third
2-0: Foul Ball, location: 2F
2-1: Ground out 6-3 (Groundball, 6S)
Ricardo Pacheco scores
Batting: RHB Barkley B. Cooltimes 0-0: Ball
1-0: Called Strike
1-1: Foul Ball, location: 2F
1-2: Foul Ball, location: 2F
1-2: Fly out, F7 (Line Drive, 78M)
Top of the 1st over - 1 run(s), 1 hit(s), 1 error(s), 0 left on base; Lancaster 1 - Chesapeake 0
BOTTOM OF THE 1ST
Chesapeake Continentals batting - Pitching for Lancaster Farmers : RHP Jurgen Sagebrecht
Pitching: RHP Jurgen Sagebrecht
Batting: RHB Héctor Hernández 0-0: Called Strike
0-1: Ball
1-1: Ball
2-1: Foul Ball, location: 2F
2-2: Foul Ball, location: 2F
2-2: Strikes out swinging
Batting: LHB Cole Thrash 0-0: Ball
1-0: Foul Ball, location: 2F
1-1: Ball
2-1: SINGLE (Line Drive, 6MD)
Batting: LHB Arturo Ballina 0-0: Called Strike
0-1: Ball
1-1: Hit by Pitch
Cole Thrash to second
Batting: RHB Ju-chan Pak 0-0: SINGLE (Flyball, 3D)
Cole Thrash to third
Arturo Ballina to second
Runner from 3rd tries for Home, SAFE, no throw or cutoff
Batting: LHB Roberto Sánchez 0-0: Foul Ball, location: 2F
0-1: Swinging Strike
0-2: Fielders Choice at 2nd, 6-4 (Groundball, 6M)
Arturo Ballina to third
Batting: SHB Thomas Sherman 0-0: Ball
1-0: Ball
2-0: Called Strike
2-1: Swinging Strike
2-2: Strikes out swinging
Bottom of the 1st over - 1 run(s), 2 hit(s), 0 error(s), 2 left on base; Lancaster 1 - Chesapeake 1
TOP OF THE 2ND
Lancaster Farmers batting - Pitching for Chesapeake Continentals : LHP Javier Desdin
Batting: LHB Rob Wilson 0-0: Foul Ball, location: 2F
0-1: Ground out U3 (Groundball, 3S)
Batting: RHB António Jiménez 0-0: SINGLE (Groundball, 4MD)
Batting: LHB Ramón Gómez 0-0: Ball
1-0: Called Strike
1-1: Swinging Strike
1-2: Strikes out swinging
Batting: RHB Luis Rodríguez 0-0: Ball
1-0: DOUBLE (Line Drive, 5D)
António Jiménez to third
Batting: LHB Brad Tillman 0-0: Ball
1-0: Swinging Strike
1-1: Called Strike
1-2: Foul Ball, location: 2F
1-2: Ball
2-2: Ground out 4-3 (Groundball, 4)
Top of the 2nd over - 0 run(s), 2 hit(s), 0 error(s), 2 left on base; Lancaster 1 - Chesapeake 1
BOTTOM OF THE 2ND
Chesapeake Continentals batting - Pitching for Lancaster Farmers : RHP Jurgen Sagebrecht
Batting: RHB Gil Nichols 0-0: Foul Ball, location: 2F
0-1: Ground out 5-3 (Groundball, 5L)
Batting: RHB Miguel Cruz 0-0: Ball
1-0: Fly out, F7 (Flyball, 7M)
Batting: RHB Gabriel Guerrero 0-0: Called Strike
0-1: Foul Ball, location: 2F
0-2: Ball
1-2: Ball
2-2: Fly out, F9 (Flyball, 89M)
Bottom of the 2nd over - 0 run(s), 0 hit(s), 0 error(s), 0 left on base; Lancaster 1 - Chesapeake 1
TOP OF THE 3RD
Lancaster Farmers batting - Pitching for Chesapeake Continentals : LHP Javier Desdin
Batting: RHB Ricardo Pacheco 0-0: Fly out, F9 (Flyball, 9S)
Batting: RHB Domenic Gallard 0-0: Ground out 5-3 (Groundball, 56)
Batting: RHB Sean MacKnight 0-0: Ball
1-0: Foul Ball, location: 2F
1-1: Ball
2-1: Ball
3-1: Base on Balls
Batting: RHB Barkley B. Cooltimes 0-0: Ball
1-0: Ground out 3-1 (Groundball, 34)
Top of the 3rd over - 0 run(s), 0 hit(s), 0 error(s), 1 left on base; Lancaster 1 - Chesapeake 1
BOTTOM OF THE 3RD
Chesapeake Continentals batting - Pitching for Lancaster Farmers : RHP Jurgen Sagebrecht
Batting: RHB Héctor Hernández 0-0: Ball
1-0: Called Strike
1-1: DOUBLE (Line Drive, 78D)
Batting: LHB Cole Thrash 0-0: Ball
1-0: Ball
2-0: Ball
3-0: Called Strike
3-1: Base on Balls
Batting: LHB Arturo Ballina 0-0: Ball
1-0: Ball
2-0: Ball
3-0: Called Strike
3-1: Base on Balls
Héctor Hernández to third
Cole Thrash to second
Batting: RHB Ju-chan Pak 0-0: Foul Ball, location: 2F
0-1: Fly out, F9 (Flyball, 8RM)
Runner from 3rd tags up, SCORES, no throw
Batting: LHB Roberto Sánchez 0-0: Ball
1-0: Ball
2-0: Called Strike
2-1: Foul Ball, location: 2F
2-2: Strikes out swinging
Batting: SHB Thomas Sherman 0-0: Called Strike
0-1: Foul Ball, location: 2F
0-2: Foul Ball, location: 2F
0-2: Foul Ball, location: 2F
0-2: SINGLE (Line Drive, 8LS)
Cole Thrash to third
Arturo Ballina to second
Runner from 3rd tries for Home, SAFE, no throw or cutoff
Batting: RHB Gil Nichols 0-0: Foul Ball, location: 2F
0-1: Ball
1-1: Ball
2-1: Swinging Strike
2-2: Fly out, F4 (Popup, 3)
Bottom of the 3rd over - 2 run(s), 2 hit(s), 0 error(s), 2 left on base; Lancaster 1 - Chesapeake 3
TOP OF THE 4TH
Lancaster Farmers batting - Pitching for Chesapeake Continentals : LHP Javier Desdin
Batting: LHB Rob Wilson 0-0: Called Strike
0-1: Ball
1-1: Foul Ball, location: 2F
1-2: Ball
2-2: Ball
3-2: Fly out, F8 (Flyball, 8LM)
Batting: RHB António Jiménez 0-0: Ball
1-0: Called Strike
1-1: Foul Ball, location: 2F
1-2: Foul Ball, location: 2F
1-2: Fly out, F8 (Flyball, 8RM)
Batting: LHB Ramón Gómez 0-0: Ball
1-0: Ground out 5-3 (Groundball, 56)
Top of the 4th over - 0 run(s), 0 hit(s), 0 error(s), 0 left on base; Lancaster 1 - Chesapeake 3
BOTTOM OF THE 4TH
Chesapeake Continentals batting - Pitching for Lancaster Farmers : RHP Jurgen Sagebrecht
Batting: RHB Miguel Cruz 0-0: Swinging Strike
0-1: Called Strike
0-2: Ball
1-2: Ball
2-2: Foul Ball, location: 2F
2-2: Fly out, F8 (Flyball, 8LM)
Batting: RHB Gabriel Guerrero 0-0: Ball
1-0: Ball
2-0: Foul Ball, location: 2F
2-1: DOUBLE (Line Drive, 5D)
Batting: RHB Héctor Hernández 0-0: Ball
1-0: Ball
2-0: Ball
3-0: Base on Balls
Batting: LHB Cole Thrash 0-0: Ball
Gabriel Guerrero steals 3rd base
Héctor Hernández to second
1-0: Called Strike
1-1: Foul Ball, location: 2F
1-2: Foul Ball, location: 2F
1-2: Ground out 6-3 (Groundball, 6M)
Gabriel Guerrero scores
Héctor Hernández to third
Batting: LHB Arturo Ballina 0-0: Ball
1-0: Foul Ball, location: 2F
1-1: Ball
2-1: Ground out 1-3 (Groundball, 13S)
Bottom of the 4th over - 1 run(s), 1 hit(s), 0 error(s), 1 left on base; Lancaster 1 - Chesapeake 4
TOP OF THE 5TH
Lancaster Farmers batting - Pitching for Chesapeake Continentals : LHP Javier Desdin
Batting: RHB Luis Rodríguez 0-0: Ball
1-0: Ball
2-0: Ground out 6-3 (Groundball, 6M)
Batting: LHB Brad Tillman 0-0: Swinging Strike
0-1: Ball
1-1: Called Strike
1-2: Strikes out looking
Batting: RHB Ricardo Pacheco 0-0: Fly out, F8 (Flyball, 8LM)
Top of the 5th over - 0 run(s), 0 hit(s), 0 error(s), 0 left on base; Lancaster 1 - Chesapeake 4
BOTTOM OF THE 5TH
Chesapeake Continentals batting - Pitching for Lancaster Farmers : RHP Jurgen Sagebrecht
Batting: RHB Ju-chan Pak 0-0: Ground out 6-3 (Groundball, 6)
Batting: LHB Roberto Sánchez 0-0: Ball
1-0: Ground out 4-3 (Groundball, 4)
Batting: SHB Thomas Sherman 0-0: SINGLE (Line Drive, 8LS)
Batting: RHB Gil Nichols 0-0: Called Strike
0-1: Ball
1-1: Ball
2-1: Swinging Strike
2-2: Strikes out looking
Bottom of the 5th over - 0 run(s), 1 hit(s), 0 error(s), 1 left on base; Lancaster 1 - Chesapeake 4
TOP OF THE 6TH
Lancaster Farmers batting - Pitching for Chesapeake Continentals : LHP Javier Desdin
Batting: RHB Domenic Gallard 0-0: Foul Ball, location: 2F
0-1: Ball
1-1: Foul Ball, location: 2F
1-2: Fly out, F6 (Popup, 6MD)
Batting: RHB Sean MacKnight 0-0: Ball
1-0: Foul Ball, location: 2F
1-1: Ball
2-1: Ground out 5-3 (Groundball, 5S)
Batting: RHB Barkley B. Cooltimes 0-0: Ground out 6-3 (Groundball, 6M)
Top of the 6th over - 0 run(s), 0 hit(s), 0 error(s), 0 left on base; Lancaster 1 - Chesapeake 4
BOTTOM OF THE 6TH
Chesapeake Continentals batting - Pitching for Lancaster Farmers : RHP Jurgen Sagebrecht
Batting: RHB Miguel Cruz 0-0: Ground out 4-3 (Groundball, 13)
Batting: RHB Gabriel Guerrero 0-0: Ball
1-0: Ball
2-0: Ball
3-0: Base on Balls
Batting: RHB Héctor Hernández 0-0: Ball
1-0: Called Strike
1-1: Ball
2-1: Grounds into double play, 5-4-3 (Groundball, 5)
Bottom of the 6th over - 0 run(s), 0 hit(s), 0 error(s), 0 left on base; Lancaster 1 - Chesapeake 4
TOP OF THE 7TH
Lancaster Farmers batting - Pitching for Chesapeake Continentals : LHP Javier Desdin
Batting: LHB Rob Wilson 0-0: Ball
1-0: Ball
2-0: Swinging Strike
2-1: Ball
3-1: Base on Balls
Batting: RHB António Jiménez 0-0: Called Strike
0-1: SINGLE (Groundball, 5D)
Rob Wilson to second
Batting: LHB Ramón Gómez 0-0: Ball
1-0: Ball
2-0: TRIPLE (Flyball, 78XD)
Rob Wilson scores
António Jiménez scores
Pitching: RHP Ignacio Aguilar
Pinch Hitting: RHB Rodrigo Velasco 0-0: Swinging Strike
0-1: Ball
1-1: Swinging Strike
1-2: Strikes out looking
Batting: LHB Brad Tillman 0-0: Hit by Pitch
Batting: RHB Ricardo Pacheco 0-0: Called Strike
0-1: Swinging Strike
0-2: Ball
1-2: Ball
2-2: Strikes out swinging
Batting: RHB Domenic Gallard 0-0: Ball
1-0: Ball
2-0: Called Strike
2-1: Foul Ball, location: 2F
2-2: Foul Ball, location: 2F
2-2: Strikes out looking
Top of the 7th over - 2 run(s), 2 hit(s), 0 error(s), 2 left on base; Lancaster 3 - Chesapeake 4
BOTTOM OF THE 7TH
Chesapeake Continentals batting - Pitching for Lancaster Farmers : RHP Jurgen Sagebrecht
Now at 2B: Eric Howard
Batting: LHB Cole Thrash 0-0: Ball
1-0: Foul Ball, location: 2F
1-1: Ground out 4-3 (Groundball, 4M)
Batting: LHB Arturo Ballina 0-0: Ball
1-0: Fly out, F7 (Flyball, 7M)
Batting: RHB Ju-chan Pak 0-0: Called Strike
0-1: Ball
1-1: Ball
2-1: Ball
3-1: Swinging Strike
3-2: Strikes out swinging
Bottom of the 7th over - 0 run(s), 0 hit(s), 0 error(s), 0 left on base; Lancaster 3 - Chesapeake 4
TOP OF THE 8TH
Lancaster Farmers batting - Pitching for Chesapeake Continentals : RHP Ignacio Aguilar
Pitching: RHP Brian Collingwood
Now in RF: Walter Hurlson
Batting: RHB Sean MacKnight 0-0: SOLO HOME RUN (Line Drive, 7D), Distance : 388 ft
Batting: RHB Barkley B. Cooltimes 0-0: Called Strike
0-1: SINGLE (Flyball, 8LS)
Batting: LHB Rob Wilson 0-0: Ball
1-0: Foul Ball, location: 2F
1-1: Ball
2-1: Grounds into double play, 4-6-3 (Groundball, 4)
Batting: RHB António Jiménez 0-0: Swinging Strike
0-1: Foul Ball, location: 2F
0-2: Strikes out swinging
Top of the 8th over - 1 run(s), 2 hit(s), 0 error(s), 0 left on base; Lancaster 4 - Chesapeake 4
BOTTOM OF THE 8TH
Chesapeake Continentals batting - Pitching for Lancaster Farmers : RHP Jurgen Sagebrecht
Batting: LHB Roberto Sánchez 0-0: Ball
1-0: Swinging Strike
1-1: Foul Ball, location: 2F
1-2: Ball
2-2: Foul Ball, location: 2F
2-2: Fly out, F7 (Flyball, 7M)
Pitching: RHP Jim Unknown
Batting: SHB Thomas Sherman 0-0: Called Strike
0-1: Ball
1-1: Fly out, F6 (Line Drive, 6)
Batting: RHB Gil Nichols 0-0: Ball
1-0: Foul Ball, location: 2F
1-1: Ball
2-1: Ground out 4-3 (Groundball, 4)
Bottom of the 8th over - 0 run(s), 0 hit(s), 0 error(s), 0 left on base; Lancaster 4 - Chesapeake 4
TOP OF THE 9TH
Lancaster Farmers batting - Pitching for Chesapeake Continentals : RHP Brian Collingwood
Pitching: LHP Héctor Rodríguez
Pinch Hitting: RHB Carl Bryant 0-0: Ball
1-0: Ball
2-0: Foul Ball, location: 2F
2-1: Foul Ball, location: 2F
2-2: Ball
3-2: Foul Ball, location: 2F
3-2: Foul Ball, location: 2F
3-2: Strikes out swinging
Batting: RHB Eric Howard 0-0: Ground out 4-3 (Groundball, 4MD)
Batting: LHB Brad Tillman 0-0: Called Strike
0-1: Fly out, F7 (Line Drive, 7M)
Top of the 9th over - 0 run(s), 0 hit(s), 0 error(s), 0 left on base; Lancaster 4 - Chesapeake 4
BOTTOM OF THE 9TH
Chesapeake Continentals batting - Pitching for Lancaster Farmers : RHP Jim Unknown
Pitching: RHP Bill Lee
Now in CF: Carl Bryant
Pinch Hitting: RHB Mike Peterson 0-0: Swinging Strike
0-1: Foul Ball, location: 2F
0-2: Ball
1-2: Ball
2-2: Ball
3-2: Foul Ball, location: 2F
3-2: Fly out, F7 (Flyball, 78M)
Pinch Hitting: SHB Dominique Prost 0-0: Ball
1-0: Ground out 3-1 (Groundball, 34)
Pinch Hitting: LHB Kichisaburo Otani 0-0: Swinging Strike
0-1: Ball
1-1: Ball
2-1: SINGLE (Line Drive, 89S)
Batting: LHB Cole Thrash 0-0: Called Strike
0-1: Ground out 6-3 (Groundball, 6)
Bottom of the 9th over - 0 run(s), 1 hit(s), 0 error(s), 1 left on base; Lancaster 4 - Chesapeake 4
TOP OF THE 10TH
Lancaster Farmers batting - Pitching for Chesapeake Continentals : LHP Héctor Rodríguez
Now at 2B: Kichisaburo Otani
Now at 3B: Vince Barrowcliff
Now at SS: Harlan Price
Batting: RHB Ricardo Pacheco 0-0: TRIPLE (Line Drive, 89S)
Batting: RHB Domenic Gallard 0-0: Fly out, F9 (Flyball, 9LM)
Runner from 3rd tags up, SCORES, no throw
Pitching: RHP Jim Unknown
Batting: RHB Sean MacKnight 0-0: Foul Ball, location: 2F
0-1: Foul Ball, location: 2F
0-2: Ball
1-2: Ball
2-2: Ball
3-2: Strikes out swinging
Batting: RHB Barkley B. Cooltimes 0-0: DOUBLE (Flyball, 8RM)
Pinch Runner at 2nd Jim Unknown:
Batting: LHB Rob Wilson 0-0: Ball
1-0: Foul Ball, location: 2F
1-1: Foul Ball, location: 2F
1-2: Fly out, F7 (Flyball, 7LMF)
Top of the 10th over - 1 run(s), 2 hit(s), 0 error(s), 1 left on base; Lancaster 5 - Chesapeake 4
BOTTOM OF THE 10TH
Chesapeake Continentals batting - Pitching for Lancaster Farmers : RHP Bill Lee
Now at SS: Jim Unknown
Pinch Hitting: LHB José Estrada 0-0: Called Strike
0-1: Ball
1-1: Swinging Strike
1-2: Ball
2-2: Ball
3-2: Base on Balls
Batting: RHB Ju-chan Pak 0-0: Foul Ball, location: 2F
0-1: Grounds into double play, 5-4-3 (Groundball, 5)
Batting: LHB Roberto Sánchez 0-0: Called Strike
0-1: Fly out, F7 (Flyball, 7M)
Bottom of the 10th over - 0 run(s), 0 hit(s), 0 error(s), 0 left on base; Lancaster 5 - Chesapeake 4
This league is powered by Out of the Park Baseball, the baseball management simulation game for PC, Mac and Linux
Friday, July 8th, 2016 - OOTP Baseball 16.9 Build 39